 Dungeon Crawl Stone Soup version 0.17.1-3-g152610e (webtiles) character file.

66 Arkorax the Conjurer (level 3, 0/28 HPs)
             Began as a Deep Elf Conjurer on Apr 29, 2016.
             Succumbed to an adder's poison
             ... on level 2 of the Dungeon.
             The game lasted 00:03:01 (1403 turns).

Arkorax the Conjurer (Deep Elf Conjurer)            Turns: 1403, Time: 00:03:01

Health: 0/28       AC: 21    Str:  5      XL:     3   Next: 96%
Magic:  7/10       EV:  2    Int: 24 (25) God:
Gold:   140        SH:  0    Dex: 15      Spells: 2 memorised, 6 levels left

rFire  + . .     SeeInvis .     h - +0 short sword
rCold  + . .     Clarity  .     (armour currently unavailable)
rNeg   + + +     SustAt   .     (no shield)
rPois  +         Gourm    .     (helmet currently unavailable)
rElec  +         Spirit   .     (cloak currently unavailable)
rCorr  +         Warding  .     (gloves currently unavailable)
rMut   .         NoTele   +     (boots currently unavailable)
MR     .....                    (no amulet)
Stlth  +++.......               (no ring)
                                v - ring of flight

@: brilliant, lethally poisoned (0 -> -5), tree-form, resistant, very slightly
contaminated, hasted, very quick, not resistant to hostile enchantments, fairly
stealthy
A: no striking features
a: no special abilities


You were on level 2 of the Dungeon.
You were not hungry.
You were a tree.
You visited 1 branch of the dungeon, and saw 2 of its levels.

You collected 140 gold pieces.

Inventory:

Hand Weapons
 h - a +0 short sword (weapon)
Armour
 a - a +0 robe (melded)
Jewellery
 v - a ring of flight (left branch)
Wands
 s - a wand of random effects (26)
Scrolls
 f - 3 scrolls of identify {unknown}
 g - a scroll of fog {unknown}
 i - a scroll of teleportation {unknown}
 m - a scroll of remove curse {unknown}
 p - 2 scrolls of noise {unknown}
 t - a scroll of enchant armour {unknown}
 u - a scroll of enchant weapon {unknown}
Potions
 r - a potion of resistance
Books
 b - a book of Conjurations

   Spells                             Type                      Level
   a - Magic Dart                     Conjuration                  1
   b - Searing Ray                    Conjuration                  2
   c - Dazzling Spray                 Conjuration/Hexes            3
   d - Fulminant Prism                Conjuration/Hexes            4
   e - Iskenderun's Mystic Blast      Conjuration                  4
   f - Iskenderun's Battlesphere      Conjuration/Charms           5
Comestibles
 c - a bread ration
 j - a slice of pizza
 n - 2 fruits


   Skills:
 - Level 2.4 Dodging
 - Level 2.4 Stealth
 + Level 4.0 Spellcasting
 * Level 5.4 Conjurations
 * Level 1.6 Hexes


You had 6 spell levels left.
You knew the following spells:

 Your Spells              Type           Power        Failure   Level  Hunger
a - Magic Dart            Conj           ####         1%          1    None
b - Dazzling Spray        Conj/Hex       #####...     1%          3    ##.....


Dungeon Overview and Level Annotations

Branches:
Dungeon (2/15)

Altars:
Elyvilon
Nemelex Xobeh
Qazlal
Trog


Message History

Aiming: Magic Dart
Press: ? - help, Shift-Dir - straight line, f/p - adder
Aim: an adder (severely wounded)
The magic dart hits the adder.
You kill the adder!
Unknown command.
Casting: Magic Dart
Confirm with . or Enter, or press ? or * to list all spells.
You can't see any susceptible monsters within range! (Use Z to cast anyway.) Unknown command.
Casting: Magic Dart
Confirm with . or Enter, or press ? or * to list all spells.
You can't see any susceptible monsters within range! (Use Z to cast anyway.) Unknown command.
Unknown command.
Casting: Magic Dart
Confirm with . or Enter, or press ? or * to list all spells.
You can't see any susceptible monsters within range! (Use Z to cast anyway.) Unknown command.
You die...

P♣♣P....##.##.##
#...#
♣P.#.#######.####
#...## ♣♣....
#..##.#.#####...# #
.....
#.#.#.#.....'...#§§
♣.P#.##
#.##.########...#§§
..P.#.# ##†###
#...#§§ #PP...#
#.#.### #...#§§
#.##..# #...###
#.♣##.#######......
####†###.........###
..# _##.......##.#§§
#.####........##.#§§
#.#...........##.#§§
#.#...........##.#§§
#.#...........#### #
.##.###.#....)......#
........#......)....#


There were no monsters in sight!

Vanquished Creatures
  3 adders (D:2)
  An ooze (D:1)
  2 giant cockroaches (D:1)
  3 hobgoblins
  2 jackals (D:1)
  8 kobolds
  A quokka (D:2)
  5 bats
  3 giant newts
  2 goblins
  4 rats
34 creatures vanquished.

Notes
Turn   | Place    | Note
--------------------------------------------------------------
     0 | D:1      | Arkorax the Deep Elf Conjurer began the quest for the Orb.
     0 | D:1      | Reached XP level 1. HP: 10/10 MP: 6/6
   217 | D:1      | Reached XP level 2. HP: 15/15 MP: 2/8
   856 | D:2      | Reached skill level 5 in Conjurations
   955 | D:2      | Found a stormy altar of Qazlal.
  1009 | D:2      | Reached XP level 3. HP: 19/19 MP: 6/10
  1014 | D:2      | Learned a level 3 spell: Dazzling Spray
  1185 | D:2      | Found a white marble altar of Elyvilon.
  1185 | D:2      | Found a sparkling altar of Nemelex Xobeh.
  1303 | D:2      | Reached skill level 1 in Hexes
  1389 | D:2      | Found a bloodstained altar of Trog.
  1401 | D:2      | HP: 1/28 [poisoned by an adder]
  1403 | D:2      | Succumbed to an adder's poison

Action                   || total
-------------------------++-------
Melee: Short sword       ||     2
 Cast: Magic Dart        ||    70
  Use: Potion            ||     7
 Stab: Sleeping          ||     2
  Eat: Chunk             ||     1
